Cogmind - Beta 13 @@@ ROGUE MODE // 2024.04.29 @ 10:04:28 Player: e.v.o Result: Self-destructed Performance ------------- Evolutions (1) 500 Regions Visited (2) 400 Robots Destroyed (21) 105 Value Destroyed (502) 502 Prototype IDs (2) 40 Alien Tech Used (0) 0 Bonus (0) 0 TOTAL SCORE: 1547 Bonus ------- None Cogmind --------- Core Integrity 162/400 Matter 176/300 Energy 250/250 System Corruption 0% Temperature Danger (423) Movement Walking (120) Location -9/Materials Parts ------- > --- POWER (1) -------- Ion Engine > --- PROPULSION (2) --- Aluminum Leg Aluminum Leg > --- UTILITY (3) ------ Small Storage Unit Light Armor Plating > --- WEAPON (3) ------- Particle Cannon > --- INVENTORY (8) ---- Ion Engine Light Treads Improved Flight Unit Autogun Autogun Mini Grenade Launcher Heavy Hammer Peak State ------------ > --- POWER ------------ Light Nuclear Core > --- PROPULSION ------- Aluminum Leg Aluminum Leg > --- UTILITY ---------- Small Storage Unit Shield Generator High-powered Tractor Beam > --- WEAPON ----------- Autogun Autogun Heavy Hammer > --- INVENTORY -------- Light Ion Engine Aluminum Leg Aluminum Leg Shield Generator Autogun Autogun Heavy Hammer [Rating: 17] Favorites ----------- Power Light Nuclear Core Engine Ion Engine Power Core Light Nuclear Core Propulsion Aluminum Leg Treads Light Treads Leg Aluminum Leg Utility Small Storage Unit Device High-powered Tractor Beam Storage Small Storage Unit Protection Light Armor Plating Weapon Autogun Energy Gun EM Pulse Gun Energy Cannon Particle Cannon Ballistic Gun Autogun Launcher Rocket Launcher Impact Weapon Heavy Hammer Build | -11 -10 -9 ------- Run | Yrd Mat Mat Slots Evolved 2 | . . 2 Power . | . . . Propulsion . | . . . Utility 1 | . . 1 Weapon 1 | . . 1 Parts Attached 27 | 6 8 13 Power 5 | 1 2 2 Engine 4 | 1 1 2 Core 1 | . 1 . Reactor . | . . . Propulsion 6 | 2 2 2 Treads 2 | 2 . . Leg 4 | . 2 2 Wheel . | . . . Hover . | . . . Flight . | . . . Utility 6 | 1 2 3 Device 4 | . 2 2 Storage 1 | 1 . . Processor . | . . . Hackware . | . . . Protection 1 | . . 1 Artifact . | . . . Weapon 10 | 2 2 6 Energy Gun 1 | 1 . . Energy Cannon 1 | . . 1 Ballistic Gun 6 | 1 2 3 Ballistic Cannon . | . . . Launcher 1 | . . 1 Special Weapon . | . . . Impact Weapon 1 | . . 1 Slashing Weapon . | . . . Piercing Weapon . | . . . Special Melee Weapon . | . . . Unidentified Prototypes 1 | . . 1 Parts Lost 8 | . 1 7 Power 2 | . 1 1 Propulsion 1 | . . 1 Utility 2 | . . 2 Weapon 3 | . . 3 Highest Loss Streak 4 | . 1 4 To Critical Strikes . | . . . Average Slot Usage (%) 95 | . 92 96 Engine 5 | . 6 5 Core 5 | . 7 5 Treads 4 | . 14 . Leg 18 | . 14 21 Device 12 | . 7 14 Storage 12 | . 14 11 Protection 3 | . . 5 Energy Gun 3 | . 9 . Energy Cannon 2 | . . 3 Ballistic Gun 20 | . 18 21 Impact Weapon 4 | . . 7 Naked Turns . | . . . Heaviest Build 24 | 14 18 24 Greatest Support 40 | 40 40 20 Greatest Overweight (x) 1 | . . 1 Average Overweight (x) . | . . . Largest Inventory Capacity 8 | 8 8 8 Average Capacity 7 | 7 8 8 Most Carried 8 | 4 8 8 Average Carried 6 | 2 5 7 Final Capacity 8 | 8 8 8 Final Carried 8 | 4 8 7 Class Distribution -------------------- 70% | Mutant 15% | Scavenger-Tank 13% | Scavenger-Mutant Dominant Class ---------------- Mutant | -10/Materials Mutant | -9/Materials Resources | -11 -10 -9 ----------- Run | Yrd Mat Mat Matter Collected 695 | 223 193 279 Remotely 175 | . . 175 Salvage Created 607 | . 134 473 Parts 39 | . 10 29 Haulers Intercepted 2 | . . 2 Recyclers Shooed . | . . . Parts Field Recycled . | . . . Retrieved Matter . | . . . Parts Self-Destructed . | . . . Prevented . | . . . Kills | -11 -10 -9 ------- Run | Yrd Mat Mat Combat Hostiles Destroyed 18 | . 3 15 Melee 1 | . . 1 Guns 11 | . 3 8 Cannons 1 | . . 1 AOE 5 | . . 5 Classes Destroyed 5 | . 1 4 Hauler 2 | . . 2 Mechanic 1 | . . 1 Swarmer 8 | . . 8 Grunt 8 | . 3 5 Sentry 2 | . . 2 Best Kill Streak 5 | . 1 5 Combat Bots Only 5 | . 1 5 Max Kills in Single Turn 2 | . 1 2 Gunslinging 1 | . . 1 Exploded 2 | . . 2 Melee 1 | . . 1 Uniques/NPCs Destroyed . | . . . Combat | -11 -10 -9 -------- Run | Yrd Mat Mat Hostile Shots Fired 165 | . 29 136 Missed 26 | . 6 20 Damage Taken 1516 | . 313 1203 Core 295 | . 57 238 Absorbed by Shields 142 | . 6 136 Core Remaining (%) 88 | 100 77 . Volleys Fired 63 | . 22 41 Largest 3 | . 2 3 Hottest 114 | . 60 114 Shots Fired 131 | . 44 87 Gun 113 | . 44 69 Cannon 15 | . . 15 Launcher 3 | . . 3 Special . | . . . Kinetic 94 | . 25 69 Thermal 15 | . . 15 Explosive 3 | . . 3 Electromagnetic 19 | . 19 . Robot Hit Streak 8 | . 8 7 Robot Miss Streak 7 | . 5 7 Penetration Max . | . . . Secondary Targets 1 | . . 1 Max Gunslinging Chain 1 | . . 1 Shots Hit Robots 75 | . 25 50 Core Hits 31 | . 10 21 Critical Kills . | . . . Critical Parts Destroyed 2 | . . 2 Critical Strikes 2 | . . 2 Destroy 1 | . . 1 Smash 1 | . . 1 Melee Attacks 8 | . . 8 Impact 8 | . . 8 Slashing . | . . . Piercing . | . . . Sneak Attacks . | . . . Combat Hostiles . | . . . Follow-up Attacks . | . . . Damage Inflicted 1639 | . 344 1295 Guns 939 | . 344 595 Cannons 165 | . . 165 Explosions 397 | . . 397 Melee 138 | . . 138 Ramming . | . . . Kinetic 817 | . 222 595 Thermal 165 | . . 165 Explosive 397 | . . 397 Electromagnetic 122 | . 122 . Impact 138 | . . 138 Slashing . | . . . Piercing . | . . . Highest Corruption . | . . . Average Corruption . | . . . Corruption Purged . | . . . Corruption Blocked . | . . . Overload Shots . | . . . Overflow Damage 85 | . . 85 Projectiles 1 | . . 1 Explosions 42 | . . 42 Melee 42 | . . 42 Knockbacks . | . . . Impact . | . . . Kinetic . | . . . Secondary . | . . . Self-Inflicted Damage 127 | . . 127 Shots 3 | . . 3 Rammed . | . . . Targets Rammed 1 | . . 1 Kicked 1 | . . 1 Crushed . | . . . Highest Temperature 423 | . 43 423 Average Temperature 102 | . 21 142 Received Heat Transfer 338 | . 176 162 Effects 8 | . . 8 Shutdowns 2 | . . 2 Energy Bleed 2 | . . 2 Interference 3 | . . 3 Damage (minor) 1 | . . 1 Siege Activations . | . . . Robots Corrupted . | . . . Combat Hostiles . | . . . Parts Fried . | . . . Impact Corruptions 1 | . . 1 Robots Melted . | . . . Combat Hostiles . | . . . Parts Melted . | . . . Heat Transferred 296 | . . 296 Parts Sabotaged . | . . . Parts Stolen . | . . . Parts Stripped . | . . . Power Chain Reactions . | . . . Alert | -11 -10 -9 ------- Run | Yrd Mat Mat Peak Influence 272 | . 120 272 Initial 50 | . . 50 Average 117 | . 68 161 Maximum Alert Level 1 | . . 1 Low Security (%) 78 | 100 100 62 Level 1 21 | . . 37 Level 2 . | . . . Level 3 . | . . . Level 4 . | . . . Level 5 . | . . . High Security . | . . . Max Security . | . . . Squads Dispatched . | . . . Investigation . | . . . Extermination . | . . . Reinforcement . | . . . Assault . | . . . Garrison . | . . . Intercept . | . . . Searches Triggered . | . . . Construction Impeded . | . . . Haulers Reinforced . | . . . Active Scanning Responses . | . . . Cargo Convoy Interrupts . | . . . Stealth | -11 -10 -9 --------- Run | Yrd Mat Mat Distress Signals 1 | . . 1 Communications Jammed . | . . . Distress Signals . | . . . Times Spotted 28 | . 7 21 Peak Tracking Total 6 | . 2 6 Tactical Retreats 3 | . 1 2 Traps | -11 -10 -9 ------- Run | Yrd Mat Mat Traps Triggered . | . . . Indirectly . | . . . Trap Hack Attempts . | . . . Triggered . | . . . Disarmed . | . . . Reprogrammed . | . . . Reused . | . . . Traps Extracted . | . . . Installed . | . . . Triggered . | . . . Machines | -11 -10 -9 ---------- Run | Yrd Mat Mat Machines Disabled 3 | . . 3 Max in Single Turn 1 | . . 1 Machines Repaired . | . . . Machines Dismantled . | . . . Machines Sabotaged . | . . . Overloaded Fab Kills . | . . . Hacking | -11 -10 -9 --------- Run | Yrd Mat Mat Machines Accessed 3 | . 1 2 Terminals 2 | . 1 1 Fabricators . | . . . Repair Stations . | . . . Recycling Units . | . . . Scanalyzers 1 | . . 1 Garrison Access . | . . . Total Hacks 11 | . 1 10 Successful 9 | . . 9 Failed 2 | . 1 1 Catastrophic 1 | . . 1 Database Lockouts . | . . . Manual . | . . . Terminals 5 | . 1 4 Fabricators . | . . . Repair Stations . | . . . Recycling Units . | . . . Scanalyzers 6 | . . 6 Garrison Access . | . . . Terminal Hacks 3 | . . 3 Emergency Access Points 1 | . . 1 Unreport Threat 2 | . . 2 Fabricator Hacks . | . . . Repair Station Hacks . | . . . Recycling Unit Hacks . | . . . Scanalyzer 6 | . . 6 Insert Component 3 | . . 3 Analyze 3 | . . 3 Garrison Access Hacks . | . . . Unauthorized Hacks . | . . . Terminals . | . . . Fabricators . | . . . Repair Stations . | . . . Recycling Units . | . . . Scanalyzers . | . . . Garrison Access . | . . . Data Cores Recovered . | . . . Used . | . . . Hacking Detections 2 | . 1 1 Full Trace Events . | . . . Feedback Events . | . . . Feedback Blocked . | . . . Robot Schematics Acquired . | . . . Robots Built . | . . . Authchips . | . . . Time . | . . . Total Robot Build Rating . | . . . Part Schematics Acquired 3 | . . 3 Parts Built . | . . . Authchips . | . . . Time . | . . . Total Part Build Rating . | . . . Parts Repaired . | . . . Time . | . . . Parts Recycled . | . . . Recycled Matter . | . . . Retrieved Matter . | . . . Retrieved Components . | . . . Parts Scanalyzed 3 | . . 3 Part Schematics Acquired 3 | . . 3 Parts Damaged 1 | . . 1 Bothacking | -11 -10 -9 ------------ Run | Yrd Mat Mat Used RIF Installer . | . . . Robots Hacked . | . . . Non-combat . | . . . Combat . | . . . Robot Hacks Applied . | . . . Relay Couplers Released . | . . . Fabnet Peak Effective % . | . . . Robots Rewired . | . . . Allies Hacked . | . . . Hacks Repelled . | . . . Allies | -11 -10 -9 -------- Run | Yrd Mat Mat Total Allies . | . . . Largest Group . | . . . Highest-Rated Group . | . . . Highest-Rated Ally . | . . . Total Orders . | . . . Ally Attacks . | . . . Total Damage . | . . . Kills . | . . . Allies Corrupted . | . . . Allies Melted . | . . . Intel | -11 -10 -9 ------- Run | Yrd Mat Mat Robot Analysis Total . | . . . Derelict Logs Recovered . | . . . Drone Launches . | . . . Drone Recoveries . | . . . Exploration | -11 -10 -9 ------------- Run | Yrd Mat Mat Turns Passed 960 | 82 316 562 Spaces Moved 430 | 46 167 217 Core 3 | 3 . . Treads 106 | 43 63 . Legs 321 | . 104 217 Wheels . | . . . Hover . | . . . Flight . | . . . Fastest Speed 50 | 50 120 120 Average Speed 161 | 152 135 182 Slowest Speed 190 | 160 160 190 Overloaded Moves . | . . . Propulsion Burnouts . | . . . Robots Hopped . | . . . Cave-ins Triggered . | . . . Exploration Rate (%) 17 | 4 27 20 Regions Visited 2 Branch Regions . Pre-discovered Areas . | . . . Known Exits Taken . | . . . Unknown Exits Taken 2 | 1 1 . Scrap Searched . | . . . Spaces Dug . | . . . Terrain Destroyed 17 | . . 17 Melee . | . . . Projectile . | . . . AOE 17 | . . 17 Terrain Rammed . | . . . Walls Destroyed . | . . . Machines Disabled . | . . . Actions | -11 -10 -9 --------- Run | Yrd Mat Mat Total 568 | 55 214 299 Wait 3 | . 3 . Move 428 | 45 166 217 Hop . | . . . Pick Up 21 | 4 8 9 Fast Attach 13 | 6 4 3 Attach 6 | . 1 5 Detach 1 | . . 1 Swap 8 | . 3 5 Drop 16 | . 7 9 Fire 63 | . 22 41 Melee 8 | . . 8 Ram . | . . . Kick 1 | . . 1 Crush . | . . . Escape Stasis . | . . . Rewire . | . . . Trap . | . . . Miscellaneous . | . . . Route ------- -11/Scrapyard -10/Materials -9/Materials History --------- Turn | Location | Event 9 | -11/Scrapyard | Discovered new exit (range 16) 83 | -11/Scrapyard | Entered Materials 330 | -10/Materials | Build established: Mutant 383 | -10/Materials | Discovered new exit (range 11) 399 | -10/Materials | Entered another Materials area 399 | -9/Materials | Evolved 2 slots: Utility x1, Weapon x1 689 | -9/Materials | Lost 4 parts (1p1n1u1w) 956 | -9/Materials | Core integrity fell below 50% 961 | -9/Materials | Self-destructed Last Messages --------------- 00952_ Destroyed Flight Unit. 00952_ S-10 Pest destroyed. 00952_ Destroyed Flight Unit. 00952_ Destroyed Lgt. Ion Engine. 00952_ S-10 Pest destroyed. 00954_ U-05 Engineer lays Concrete. 00954_ Hpw. Tractor Beam destroyed. 00955_ G-34 Mercenary destroyed. 00955_ U-05 Engineer lays Concrete. 00958_ Power failure, Ion Engine shutdown. 00958_ Overheating: Aluminum Leg damaged (-41). 00958_ K-01 Serf cleans the Terminal. 00958_ Rocket Launcher destroyed. 00958_ Destroyed Rocket Launcher. 00958_ G-34 Mercenary destroyed. 00958_ U-05 Engineer lays Concrete. 00959_ Imp. Assault Rifle destroyed. 00960_ U-05 Engineer lays Concrete. 00961_ K-01 Serf cleans the Terminal. 00961_ U-05 Engineer lays Concrete. Map ----- +----------------------------------------------------+ | ?????????????????????????????????????????????????? | | ?????????????????????????????????????????????????? | | ?????????????????????????????????????????????????? | | ?????????????????????????????????????????????????? | | ?????????????????????????????????????????????????? | | ?????????????????????????????????????????????????? | | ?????????????????????????????????????????????????? | | ?????????????????????????????????????????????????? | | ?????????????????????????????????????????????????? | | ?????????????????????????????????????????????????? | | ?????????????????????????????????????????????????? | | ???????????????????????????##????????????????????? | | ??????????????????????????? ????????????????????? | | ?????????????????????????? ????????????????????? | | ???###???????????????????? ????????????????????? | | ??? ??????????????????? ????????#????????????? | | ??? ??????????#???????? ???????!**???????????? | | ??? "??????????# ??????? ??????!!**???????????? | | ??? ""???????### ##????? ????? #??????????? | | ??? ""?? ##### ##### ##### a ???????????? | | ??? ? kg u g ???????????? | | ??# T * #????????????? | | ??# %%= #????????????? | | ??# #???????## # [ #??????????????????? | | ??# ?????????## # l% # #??????????????????? | | ??+ ??????????# # [ @[ #??????????????????? | | ??# ???????????# # #??????????????????? | | ?? ???????????# # S # #??????????????????? | | ??# #???????????# ##!"" [##????????????????????? | | ??#!#???????????# ## #?????????????????????? | | ??#[#???????????# ####+####+#??????????????????? | | ??#]#???????????# ## #??????????????????? | | ??# #???????????# ## #??????????????????? | | ??#%#??????????## ## #??????????????????? | | ??#]#?????###### # #??????????????????? | | ??#]#?????# # #??????????????????? | | ??# #?????# * = / T + #??????????????????? | | ??# #?????# =% ! # #??????????????????? | | ??# #?????## ###[ # #??????????????????? | | ??# #??????# #?## ## #??????????????????? | | ??# #?######+#### ####### ###??????????????????? | | ### #?# # #?##????????????????????? | | ### ""# #??????###############??? | | + T"# #??????# # """ #??? | | ### ! ""###### #??????# # """ #??? | | #?# "" % #????# #??????# """ # """ #??? | | #?#! " ! #????# #??????# """ # #??? | | #?# [!=! #????# #??????# """ # #??? | | # #?#%!*% #????# #??????# #? ???? | | ?#########+###### ###########+######+####?? | +----------------------------------------------------+ Best States ------------- Heat Dissipation 35 Energy Generation 14 Energy Capacity 250 Matter Stores 300 Matter Capacity 300 Sight Range 16 Terrain Scan Density 10 Armor Coverage 150 Evasion (%) 55 Recoil Reduction 2 Item Schematics ----------------- Imp. Flight Unit | -9/Materials | Scanalyzed Autogun | -9/Materials | Scanalyzed Machine Analyzer | -9/Materials | Scanalyzed Robot Schematics ------------------ None Fabricated ------------ Nothing Alien Tech Used ----------------- None Achievements -------------- None Challenges ------------ None Game ------ Seed GaussActiveBeam Manual? 0 Play Time 00:12:22 Cumulative 55.6 hours Start 2024.04.29 @ 09:49:38 End 2024.04.29 @ 10:04:28 Sessions 1 Manual Loads 0 Difficulty Rogue Special Mode None Game No. 92 Rogue 76 Adventurer 16 Explorer 0 Win Type - Total 0 Types 0/0/0/0/0/0/0/0/0 Lore% 17 Gallery% 36 Achievement% 27 Wizard Run 0 Options --------- Layout 1 ASCII 0 Keyboard 0 Movement Mouse Keybinds 0 Fullscreen 2 Font 24/Smallcaps Map View 50x35 Zoom Use 0% Tactical HUD 1 Map Filters NONE Filters NONE Steam 1 RUN: 20646db5-99f0-47af-b475-dc672402d3b8